 Dungeon Crawl Stone Soup version 0.27-a0-686-gaed091b46b (webtiles) character file.

Game seed: 13558720327086943951

1824 jestyr24 the Carver (level 8, -9/70 HPs)
             Began as a Minotaur Fighter on Mar 19, 2021.
             Was an Initiate of Gozag.
             Mangled by an orc warrior
             ... wielding a +0 morningstar
              (16 damage)
             ... on level 6 of the Dungeon on Mar 20, 2021.
             The game lasted 00:17:23 (5104 turns).

jestyr24 the Carver (Minotaur Fighter)              Turns: 5104, Time: 00:17:25

Health: -9/70      AC: 10    Str: 22    XL:     8   Next: 86%
Magic:  7/7        EV:  7    Int:  5    God:    Gozag
Gold:   571        SH: 10    Dex: 11    Spells: 7/7 levels left

rFire    . . .     SeeInvis .   a - +0 long sword
rCold    . . .     Faith    .   c - +0 kite shield
rNeg     . . .     Spirit   .   q - +0 chain mail
rPois    .         Reflect  .   (helmet restricted)
rElec    .         Harm     .   (no cloak)
rCorr    .         Rampage  .   (no gloves)
Will     .....                  (no boots)
Stlth    ..........             (no amulet)
HPRegen  0.21/turn              l - +4 ring of slaying
MPRegen  0.10/turn              (no ring)

@: gold aura
A: horns 2, retaliatory headbutt
a: Renounce Religion, Potion Petition, Call Merchant, Bribe Branch


You were on level 6 of the Dungeon.
You worshipped Gozag.
Gozag was pleased with you.
You visited 1 branch of the dungeon, and saw 6 of its levels.

You collected 602 gold pieces.
You paid 31 gold pieces to Gozag.

Inventory:

Hand Weapons
 a - a +0 long sword (weapon)
Missiles
 b - a curare-tipped dart
 f - 58 poisoned darts
 r - 8 boomerangs (quivered)
Armour
 c - a +0 kite shield (worn)
 m - a +0 pair of boots
 q - a +0 chain mail (worn)
Jewellery
 l - a +4 ring of slaying (right hand)
Wands
 y - a wand of polymorph (9)
 D - a wand of random effects (24)
Scrolls
 e - 11 scrolls of identify {unknown}
 i - a scroll of teleportation {unknown}
 k - a scroll of holy word {unknown}
 o - a scroll of enchant weapon {unknown}
 p - 2 scrolls of amnesia {unknown}
 v - a scroll of random uselessness {unknown}
 w - 2 scrolls of fog {unknown}
 x - a scroll of vulnerability {unknown}
 A - a scroll of magic mapping {unknown}
 B - a scroll of torment {unknown}
 C - a scroll of blinking {unknown}
Potions
 d - a potion of might
 g - a potion of degeneration {unknown}
 h - 3 potions of curing
 j - 3 potions of lignification {unknown}
 n - 2 potions of brilliance {unknown}
 s - 2 potions of heal wounds {unknown}
 t - a potion of ambrosia {unknown}
 u - a potion of haste {unknown}
 z - 2 potions of mutation {unknown}


   Skills:
 + Level 6.3 Fighting
 + Level 8.5 Long Blades
 + Level 0.7 Throwing
 + Level 7.8 Armour
 + Level 2.8 Dodging
 + Level 0.9 Stealth
 + Level 6.7 Shields


You had 7 spell levels left.
You didn't know any spells.
Your spell library was empty.

Dungeon Overview and Level Annotations

Branches:
Dungeon (6/15)             Temple (0/1) D:6

Altars:
Ashenzari
Fedhas
Gozag
Ru
Sif Muna
Uskayaw
Zin

Shops:
D:3 *


Innate Abilities, Weirdness & Mutations

You have a pair of horns on your head.
You reflexively headbutt those who attack you in melee.


Message History

You closely miss the orc.
The jackal is no longer distracted by gold.
The orc hits you but does no damage.
The orc warrior hits you with a +0 morningstar!
You slash the orc!
You kill the orc!
The orc priest is no longer distracted by gold.
The jackal bites you but does no damage.
You block the jackal's attack. You block the orc warrior's attack.
The orc completely misses you.
You riposte.
You hit the orc. You headbutt the orc.
You kill the orc!
You block the jackal's attack.
An orc comes into view. It is wielding a +0 whip.
The orc warrior hits you with a +0 morningstar.
Found a staircase to the Ecumenical Temple.
Items here: $ ( )) [.
You slash the orc warrior! You headbutt the orc warrior!
The orc warrior is severely wounded.
You block the jackal's attack. x2
The orc priest calls down the wrath of Beogh upon you.
Pain shoots through your body!
The orc warrior hits you with a +0 morningstar!
You hit the orc warrior.
The orc warrior is almost dead.
You block the jackal's attack.
The orc priest calls down the wrath of Beogh upon you.
Beogh smites you!
* * * LOW HITPOINT WARNING * * *
The orc warrior hits you with a +0 morningstar!
* * * LOW HITPOINT WARNING * * *
You block the jackal's attack.
It was a potion of curing.
You feel better. The jackal barely misses you. You furiously retaliate!
You headbutt the jackal.
You kill the jackal!
The orc priest invokes the aid of Beogh against you.
You struggle to resist.
The orc warrior hits you with a +0 morningstar!
You die...
Your body crumbles into a pile of gold.

##### ... ....## ..#
#.... ###..##..# #.... .
.###....# #... .. $
.....##### #... ...
#..#.....### #.. ....
......##...## #.# ...#.
##..#..###..###$##...#.#
###...........$$@...#.#.
######..##...$..o....#.>
...###.......#....#o#.#.
##...............># .#.#
##..#####...###### .#.
#..## #...# .. #.##
#..#..# . ##.# #..###...
..<# #..# ....


You could see an orc warrior and an orc priest.

Vanquished Creatures
  Pikel (D:4)
  The ghost of kreisler the Covert, an amateur OpBr (D:3)
  3 ice beasts (D:5)
  3 centaurs
  An ogre (D:4)
  A lemure (D:4)
  A phantom (D:5)
  A kobold brigand (D:3)
  A water moccasin skeleton (D:6)
  A bullfrog zombie (D:5)
  A quasit (D:5)
  A hound (D:5)
  A bullfrog skeleton (D:5)
  A jelly (D:5)
  An orc priest (D:4)
  2 worker ants
  A hound skeleton (D:4)
  A worker ant zombie (D:5)
  7 adders
  A gnoll (D:5)
  An ufetubus (D:6)
  An ooze (D:4)
  An adder zombie (D:5)
  2 worms
  5 dart slugs
  A leopard gecko (D:4)
  17 orcs
  6 giant cockroaches
  7 goblins
  4 hobgoblins
  8 jackals
  4 kobolds
  6 quokkas
  3 ball pythons
  A ball python skeleton (D:3)
  15 bats
  7 frilled lizards
  8 rats
128 creatures vanquished.

Vanquished Creatures (others)
  2 fungi (D:5)
2 creatures vanquished.

Grand Total: 130 creatures vanquished

Notes
Turn   | Place    | Note
-------+----------+-------------------------------------------
     0 | D:1      | jestyr24 the Minotaur Fighter began the quest for the Orb.
     0 | D:1      | Reached XP level 1. HP: 19/19 MP: 0/0
   222 | D:1      | Reached XP level 2. HP: 27/27 MP: 1/1
   478 | D:1      | Reached XP level 3. HP: 27/33 MP: 2/2
   548 | D:1      | Reached skill level 3 in Long Blades
  1543 | D:3      | Reached XP level 4. HP: 40/40 MP: 3/3
  1734 | D:3      | Found a sacrificial altar of Ru.
  1734 | D:3      | Found a hide-covered altar of Uskayaw.
  1792 | D:3      | Found Ceumydam's Assorted Antiques.
  1982 | D:3      | Found a runed translucent gate.
  1982 | D:3      | Found a runed translucent gate.
  1982 | D:3      | Found a runed translucent gate.
  1983 | D:3      | Found an opulent altar of Gozag.
  1984 | D:3      | Noticed a kobold brigand
  1984 | D:3      | Noticed kreisler's ghost (amateur OpBr)
  2006 | D:3      | Killed kreisler's ghost
  2007 | D:3      | Reached skill level 4 in Long Blades
  2007 | D:3      | Reached skill level 5 in Armour
  2007 | D:3      | Reached skill level 1 in Dodging
  2007 | D:3      | Reached XP level 5. HP: 47/47 MP: 4/4
  2010 | D:3      | Reached skill level 5 in Shields
  2010 | D:3      | Reached XP level 6. HP: 53/53 MP: 5/5
  2050 | D:3      | Became a worshipper of Gozag Ym Sagoz the Greedy
  2134 | D:4      | Reached skill level 5 in Long Blades
  2251 | D:4      | Noticed Pikel
  2279 | D:4      | Killed Pikel
  2280 | D:4      | Reached skill level 5 in Fighting
  2280 | D:4      | Reached skill level 6 in Long Blades
  2280 | D:4      | Reached XP level 7. HP: 21/61 MP: 6/6
  3289 | D:4      | Upgraded the game from 0.27-a0-681-g0c81a3c1c3 to
                  | 0.27-a0-686-gaed091b46b
  3771 | D:5      | Entered Level 5 of the Dungeon
  3801 | D:5      | Found a blossoming altar of Fedhas.
  3804 | D:5      | Reached skill level 7 in Long Blades
  3804 | D:5      | Reached XP level 8. HP: 65/69 MP: 7/7
  3913 | D:5      | Found a blossoming altar of Fedhas.
  3914 | D:5      | Found a broken altar of Ashenzari.
  3922 | D:5      | Found a glowing silver altar of Zin.
  3923 | D:5      | Found a shimmering blue altar of Sif Muna.
  4022 | D:5      | Reached skill level 8 in Long Blades
  5101 | D:6      | Found a staircase to the Ecumenical Temple.
  5103 | D:6      | HP: 1/70 [orc warrior/+0 morningstar (14)]
  5104 | D:6      | Mangled by an orc warrior

Illustrated notes

Levels and vault maps discovered:
D:1:      nzn_arrival_settlement, layout_rooms
D:2:      layout_basic, corner_web_ring
D:3:      layout_rooms, gammafunk_temple_overflow_elements, ebering_ghost_gozag,
          serial_shops, nicolae_shop_overgrown_old_shop
D:4:      cheibrodos_helix_gallery, layout_basic, uniq_pikel
D:5:      minmay_chambers_of_threes, layout_basic, minitemple, fedhas_altar_3
D:6:      layout_rooms, minmay_temple_entry_grid

Skill      XL: |  1  2  3  4  5  6  7  8 |
---------------+-------------------------+-----
Shields        | 4 5 6 |  6.7
Armour         | 4 5 6 7 |  7.8
Long Blades    | 3 4 6 7 8 |  8.5
Fighting       | 4 5 6 |  6.3
Dodging        | 1 2 |  2.8
Throwing       | |  0.7
Stealth        | |  0.9

Action                   |  1- 3 |  4- 6 |  7- 9 || total
-------------------------+-------+-------+-------++-------
Melee: Long sword        |   100 |    70 |   125 ||   295
       Headbutt          |    17 |    14 |    27 ||    58
Throw: Boomerang         |       |     2 |       ||     2
       Dart              |       |     1 |       ||     1
  Use: Potion            |       |       |     2 ||     2
 Stab: Distracted        |       |       |     2 ||     2
Armor: Scale mail        |    36 |     9 |       ||    45
       Chain mail        |       |    21 |    74 ||    95
Dodge: Dodged            |    28 |    14 |    61 ||   103
Block: Kite shield       |    65 |    34 |    86 ||   185
       Rpst.: Long sword |     8 |     6 |    12 ||    26

Table legend: (Time is in decaauts)
 A = Elapsed time spent in this place.
 B = Non-inter-level travel time spent in this place.
 C = Inter-level travel time spent in this place.
 D = Time resting spent in this place.
 E = Time spent auto-exploring this place.
 F = Levels seen in this place.
 G = Mean time per level.
                   A        B        C        D        E       F      G
               +--------+--------+--------+--------+--------+-----+--------+
         Total |   5205 |   5113 |     92 |    839 |   2932 |   6 |  867.5 |
       Dungeon |   5205 |   5113 |     92 |    839 |   2932 |   6 |  867.5 |
               +--------+--------+--------+--------+--------+-----+--------+

Top non-repeatable levels by time:
     D:4: 1722 daAuts
     D:5: 1172 daAuts
     D:1: 829 daAuts
     D:2: 661 daAuts
     D:3: 644 daAuts
     D:6: 176 daAuts
